[Event "FIDE World Rapid Chess Championship 2021"]
[White "Salem, A.R. Saleh"]
[Black "Yuffa, Daniil"]
[WhiteFideId "9301348"]
[BlackFideId "24131423"]
[WhiteElo "2729"]
[BlackElo "2514"]
[Result "0-1"]
[Round "01"]
[TimeControl "900+10"]
[Date "2021.12.26"]
[WhiteClock "0:00:53"]
[BlackClock "0:00:48"]

1. d4 Nf6 2. c4 e6 3. Nc3 Bb4 4. a3 Bxc3+ 5. bxc3 c5 6. f3 Nc6 7. e4 d6 8. Ne2 b6 9. Ng3 O-O 10. Be3 Ba6 11. Bd3 Na5 12. Qe2 cxd4 13. cxd4 Rc8 14. Rc1 Nd7 15. O-O e5 16. Rc3 exd4 17. Bxd4 Ne5 18. Nf5 Nac6 19. Be3 Ne7 20. Nxe7+ Qxe7 21. Rfc1 Rc6 22. Bb1 Rfc8 23. Ba2 b5 24. f4 Nxc4 25. Bd4 d5 26. e5 f5 27. Qf3 Qf7 28. h3 R8c7 29. Qf2 Bc8 30. Qh4 Qe7 31. Qh5 Rg6 32. Bb1 Rh6 33. Qf3 Be6 34. Qf2 a5 35. g4 Qf7 36. Rg3 b4 37. axb4 axb4 38. Qg2 Rg6 39. Rf1 h5 40. Kh1 hxg4 41. hxg4 Rxg4 42. Rxg4 Qh5+ 43. Kg1 Qxg4 44. Qxg4 fxg4 45. f5 Nd2 46. Rd1 Nxb1 47. fxe6 Nc3 48. Re1 Kf8 49. Rf1+ Ke8 50. Kg2 b3 51. Rf7 Nb5 52. Kg3 Rxf7 53. exf7+ Kxf7 54. Bb2 Ke6 55. Kxg4 Na7 56. Kg5 Nc6 57. Kf4 Na5 0-1


[Site "http://www.Chess.com"]

[Event "FIDE World Rapid Chess Championship 2021"]
[White "Ter-Sahakyan, Samvel"]
[Black "Baum, Jonasz"]
[WhiteFideId "13302531"]
[BlackFideId "1195360"]
[WhiteElo "2573"]
[BlackElo "2343"]
[Result "1-0"]
[Round "01"]
[TimeControl "900+10"]
[Date "2021.12.26"]
[WhiteClock "0:00:48"]
[BlackClock "0:00:16"]

1. e4 c5 2. Nf3 d6 3. Bb5+ Bd7 4. Bxd7+ Qxd7 5. O-O Nf6 6. Re1 Nc6 7. c3 e6 8. d4 cxd4 9. cxd4 d5 10. e5 Ng8 11. Nbd2 Nge7 12. Nf1 Nc8 13. Ng3 Nb6 14. Bg5 h6 15. Bh4 Be7 16. Nh5 Rg8 17. Bxe7 Qxe7 18. Rc1 O-O-O 19. Qd3 Kb8 20. h3 Qb4 21. Re2 Qe7 22. Qb1 Rc8 23. Rc3 Nc4 24. Qc1 Nb4 25. b3 Nb6 26. Rxc8+ Rxc8 27. Qf4 Qf8 28. Qg4 g6 29. Nf6 Nd3 30. Rd2 Rc3 31. Kh2 a5 32. h4 a4 33. bxa4 Ka7 34. h5 g5 35. Nxg5 hxg5 36. Qxg5 Nb4 37. h6 Rc8 38. Qg7 Nc4 39. Rd1 Nc6 40. Rd3 Ne7 41. Rg3 Qh8 42. h7 Nd2 43. Qxh8 Rxh8 44. Rg7 Ne4 45. Rxf7 Nf5 46. Nxe4 dxe4 47. g4 Nxd4 48. Kg3 Kb6 49. g5 Nc6 50. Kf4 Nd8 51. Re7 Rf8+ 52. Kxe4 Nc6 53. Rxe6 Kc5 54. Rxc6+ bxc6 55. g6 1-0


[Site "http://www.Chess.com"]

[Event "FIDE World Rapid Chess Championship 2021"]
[White "Maghsoodloo, Parham"]
[Black "Aronian, Levon"]
[WhiteFideId "12539929"]
[BlackFideId "13300474"]
[WhiteElo "2512"]
[BlackElo "2728"]
[Result "1/2-1/2"]
[Round "01"]
[TimeControl "900+10"]
[Date "2021.12.26"]
[WhiteClock "0:05:08"]
[BlackClock "0:12:30"]

1. d4 d5 2. c4 dxc4 3. Nf3 Nf6 4. e3 e6 5. Bxc4 a6 6. O-O c5 7. Be2 Nbd7 8. b3 b6 9. Bb2 Bb7 10. Nbd2 Be7 11. Rc1 O-O 12. Qc2 Rc8 13. Qb1 cxd4 14. Nxd4 Rxc1 15. Rxc1 Qa8 16. Bf3 Bxf3 17. N2xf3 Rc8 18. h3 h6 19. Rc2 Nd5 20. a3 a5 21. Qc1 Rc5 22. Ne1 Qc8 23. Nd3 Rxc2 24. Qxc2 Qxc2 25. Nxc2 f6 26. Kf1 e5 27. e4 Nc7 28. Bc1 Ne6 29. Be3 Bc5 30. b4 axb4 31. axb4 Bxe3 32. Nxe3 1/2-1/2


[Site "http://www.Chess.com"]

[Event "FIDE World Rapid Chess Championship 2021"]
[White "Niemann, Hans Moke"]
[Black "Alonso Rosell, Alvar"]
[WhiteFideId "2093596"]
[BlackFideId "2270544"]
[WhiteElo "2327"]
[BlackElo "2571"]
[Result "1-0"]
[Round "01"]
[TimeControl "900+10"]
[Date "2021.12.26"]
[WhiteClock "0:10:38"]
[BlackClock "0:00:38"]

1. d4 Nf6 2. c4 e6 3. Nf3 d5 4. g3 Bb4+ 5. Bd2 Be7 6. Bg2 O-O 7. O-O Nbd7 8. Bc3 a5 9. Nbd2 c6 10. b3 b6 11. Qc2 Bb7 12. e4 dxe4 13. Ng5 c5 14. Ndxe4 Nxe4 15. Nxe4 cxd4 16. Bxd4 Qc7 17. Qe2 Rad8 18. Rfd1 Nc5 19. Nxc5 Bxc5 20. Be5 Qe7 21. Bxb7 Qxb7 22. Qg4 f5 23. Qe2 Qe4 24. Qxe4 fxe4 25. Bf4 e5 26. Rxd8 Rxd8 27. Bg5 Rf8 28. Rf1 Rf3 29. Kg2 a4 30. bxa4 Ra3 31. Re1 Rxa2 32. Be3 Rxa4 33. Bxc5 bxc5 34. Rxe4 Kf7 35. Rxe5 Rxc4 36. h4 Kf6 37. f4 Rc1 38. Kf3 Rc3+ 39. Kg4 g6 40. h5 Rc1 41. Re8 c4 42. hxg6 hxg6 43. Rc8 Rc3 44. Rc6+ Kf7 45. Rc5 Kf6 46. Kh4 Kg7 47. g4 Kh6 48. Rc6 Rc1 49. f5 Rh1+ 50. Kg3 Rg1+ 51. Kf3 c3 52. Rxg6+ Kh7 53. Rc6 Rc1 54. Kf4 c2 55. Kg5 Kg7 56. Rc7+ Kf8 57. Kf6 Ke8 58. g5 1-0


[Site "http://www.Chess.com"]

[Event "FIDE World Rapid Chess Championship 2021"]
[White "Mamedyarov, Shakhriyar"]
[Black "Czarnota, Pawel"]
[WhiteFideId "13401319"]
[BlackFideId "1121219"]
[WhiteElo "2727"]
[BlackElo "2511"]
[Result "1-0"]
[Round "01"]
[TimeControl "900+10"]
[Date "2021.12.26"]
[WhiteClock "0:09:57"]
[BlackClock "0:00:35"]

1. d4 Nf6 2. c4 g6 3. g3 Bg7 4. Bg2 O-O 5. Nc3 d6 6. Nf3 Nbd7 7. O-O e5 8. e4 exd4 9. Nxd4 Re8 10. Be3 Nc5 11. f3 c6 12. Qd2 a5 13. Rad1 Nfd7 14. Nb3 Nxb3 15. axb3 Bf8 16. f4 Qc7 17. Qf2 Nc5 18. e5 b6 19. Bxc5 dxc5 20. Nb5 Qb7 21. Nd6 Bxd6 22. Rxd6 Bd7 23. Rfd1 Re7 24. g4 Bxg4 25. Bxc6 Qc8 26. R1d2 Rb8 27. Qh4 1-0


[Site "http://www.Chess.com"]

[Event "FIDE World Rapid Chess Championship 2021"]
[White "Kuzmicz, Krystian"]
[Black "Najer, Evgeniy"]
[WhiteFideId "1119125"]
[BlackFideId "4118987"]
[WhiteElo "2314"]
[BlackElo "2565"]
[Result "0-1"]
[Round "01"]
[TimeControl "900+10"]
[Date "2021.12.26"]
[WhiteClock "0:03:17"]
[BlackClock "0:06:52"]

1. e4 c5 2. d3 g6 3. g3 d5 4. Nd2 Bg7 5. Bg2 Nf6 6. Ne2 Nc6 7. O-O O-O 8. f4 Ng4 9. Nf3 dxe4 10. dxe4 Nb4 11. c3 Qxd1 12. Rxd1 Nc2 13. Rb1 Be6 14. b3 Nce3 15. Bxe3 Nxe3 16. Rd3 Nxg2 17. Kxg2 Rfd8 18. Rxd8+ Rxd8 19. c4 Rd3 20. Kf2 Bd7 21. Neg1 Bc6 22. e5 f6 23. exf6 exf6 24. Ke2 Be4 25. Rd1 Rxd1 26. Kxd1 Kf7 27. Nd2 0-1


[Site "http://www.Chess.com"]

[Event "FIDE World Rapid Chess Championship 2021"]
[White "Sanal, Vahap"]
[Black "Oparin, Grigoriy"]
[WhiteFideId "6300545"]
[BlackFideId "24125890"]
[WhiteElo "2509"]
[BlackElo "2725"]
[Result "1/2-1/2"]
[Round "01"]
[TimeControl "900+10"]
[Date "2021.12.26"]
[WhiteClock "0:01:11"]
[BlackClock "0:00:43"]

1. e4 e5 2. Nc3 Nc6 3. Bc4 Nf6 4. d3 Na5 5. Nge2 Nxc4 6. dxc4 Bc5 7. h3 d6 8. Qd3 h6 9. O-O a5 10. a4 O-O 11. b3 Be6 12. Ng3 Nd7 13. Be3 Bxe3 14. Qxe3 Nc5 15. Rad1 Qg5 16. Rfe1 Qxe3 17. Rxe3 g6 18. Ree1 Kg7 19. Nf1 Rad8 20. Ne3 Rd7 21. Kh2 c6 22. g3 f5 23. exf5 Bxf5 24. Nxf5+ Rxf5 25. Kg2 g5 26. Ne4 Nxe4 27. Rxe4 b6 28. h4 Kg6 29. hxg5 hxg5 30. Re2 Rff7 31. Red2 Rf6 32. Rd3 Kf7 33. Rh1 Ke6 34. Rf3 Rdf7 35. Rxf6+ Rxf6 36. Rh8 d5 37. Rb8 dxc4 38. Rxb6 Kd6 39. Ra6 cxb3 40. cxb3 Rf8 41. Rxa5 Rb8 42. Ra7 Rxb3 43. Rg7 Ra3 44. Rg6+ Kd5 45. Rxg5 Ke6 46. Rg6+ Kd5 47. Rg5 Ke6 48. Rg6+ 1/2-1/2


[Site "http://www.Chess.com"]

[Event "FIDE World Rapid Chess Championship 2021"]
[White "Artemiev, Vladislav"]
[Black "Shevchenko, Kirill"]
[WhiteFideId "24101605"]
[BlackFideId "14129574"]
[WhiteElo "2714"]
[BlackElo "2508"]
[Result "1-0"]
[Round "01"]
[TimeControl "900+10"]
[Date "2021.12.26"]
[WhiteClock "0:01:22"]
[BlackClock "0:00:21"]

1. Nf3 Nf6 2. c4 g6 3. b3 Bg7 4. Bb2 d6 5. g3 O-O 6. Bg2 e5 7. d3 Nc6 8. O-O Bf5 9. Nc3 Qd7 10. Ng5 h6 11. Nge4 Nh7 12. Nd5 Ne7 13. Rc1 Be6 14. Nxe7+ Qxe7 15. Nc3 c6 16. b4 a6 17. a4 Rfd8 18. Qb3 Nf6 19. a5 h5 20. e4 h4 21. Rce1 Rab8 22. Bc1 Nh5 23. Qd1 Qd7 24. Be3 Bg4 25. Bf3 Bxf3 26. Qxf3 Qe6 27. Ne2 hxg3 28. fxg3 Rf8 29. g4 Nf6 30. h3 d5 31. cxd5 cxd5 32. Ng3 dxe4 33. dxe4 Rbc8 34. Bc5 Rfd8 35. Rd1 Nh7 36. h4 Bf8 37. Rd5 Bg7 38. Rfd1 Re8 39. g5 Nf8 40. Kg2 Rc7 41. h5 gxh5 42. Nxh5 Ng6 43. Kg3 Nf4 44. Nxf4 exf4+ 45. Qxf4 Be5 46. Rxe5 Qxe5 47. Qxe5 Rxe5 48. Rd8+ Kh7 49. Bd6 Rc3+ 50. Kf4 Rb5 51. Be5 Rf3+ 52. Kxf3 Rxe5 53. Rd5 Re7 54. Rd6 Kg7 55. Kf4 Kf8 56. Kf5 Kg7 57. e5 Rc7 58. e6 fxe6+ 59. Kxe6 Kg6 60. Rd7 Rc4 61. Rxb7 Kxg5 62. Kd5 Rc1 63. Rb6 Rb1 64. Kc6 1-0


[Site "http://www.Chess.com"]

[Event "FIDE World Rapid Chess Championship 2021"]
[White "Van Foreest, Jorden"]
[Black "Asadli, Vugar"]
[WhiteFideId "1039784"]
[BlackFideId "13405764"]
[WhiteElo "2563"]
[BlackElo "2309"]
[Result "1-0"]
[Round "01"]
[TimeControl "900+10"]
[Date "2021.12.26"]
[WhiteClock "0:10:50"]
[BlackClock "0:04:06"]

1. e4 c6 2. Nf3 d5 3. d3 Bg4 4. h3 Bh5 5. Nc3 dxe4 6. Nxe4 Nd7 7. g4 Bg6 8. Qe2 Qc7 9. Bg2 O-O-O 10. b4 Ngf6 11. Nc3 e6 12. Rb1 Nd5 13. Nxd5 exd5 14. O-O Bd6 15. b5 Rde8 16. Qd1 f5 17. bxc6 bxc6 18. Nh4 Rhf8 19. c4 fxg4 20. Nxg6 gxh3 21. Bxh3 hxg6 22. cxd5 Rf5 23. Bxf5 gxf5 24. Qa4 Ne5 25. Qa6+ Kd8 26. Rb7 Nf3+ 27. Kg2 Nh4+ 28. Kh1 Rh8 29. Bg5+ 1-0


[Site "http://www.Chess.com"]

[Event "FIDE World Rapid Chess Championship 2021"]
[White "Kosakowski, Jakub"]
[Black "Jumabayev, Rinat"]
[WhiteFideId "1185080"]
[BlackFideId "13702661"]
[WhiteElo "2304"]
[BlackElo "2562"]
[Result "1/2-1/2"]
[Round "01"]
[TimeControl "900+10"]
[Date "2021.12.26"]
[WhiteClock "0:00:44"]
[BlackClock "0:00:20"]

1. e4 e6 2. d4 d5 3. Nd2 c5 4. Ngf3 cxd4 5. Nxd4 Nf6 6. exd5 a6 7. Be2 Nxd5 8. N2f3 Nd7 9. O-O Qc7 10. Re1 Bc5 11. a3 O-O 12. c4 Nf4 13. b4 Be7 14. Bf1 b6 15. g3 Ng6 16. h4 Bb7 17. Bg2 Rfd8 18. Qe2 Rac8 19. h5 Ngf8 20. Bf1 Bf6 21. Bb2 e5 22. Nf5 e4 23. Bxf6 Nxf6 24. N3h4 h6 25. Qb2 N8h7 26. Be2 e3 27. Nxe3 Ng5 28. Bf1 Be4 29. Rad1 Nxh5 30. f4 Nxf4 31. gxf4 Qxf4 32. Qf2 Qxh4 33. Qxh4 Nf3+ 34. Kf2 Nxh4 35. Nd5 Bxd5 36. cxd5 Rc2+ 37. Re2 Rc3 38. d6 Kf8 39. d7 Nf5 40. Re5 Rc2+ 41. Kf3 Nh4+ 42. Kg3 Ng6 43. Re3 Rc7 44. Bh3 f6 45. Rd6 Ne5 46. Rxb6 Nc4 47. Rc3 Nxb6 48. Rxc7 Ke7 49. Ra7 Nxd7 50. Rxa6 Ne5 51. Ra7+ Kf8 52. b5 Rd3+ 53. Kg2 Rb3 54. a4 Nd3 55. Bf5 Nf4+ 56. Kf2 h5 57. Ra8+ Ke7 58. Ra7+ Kd6 59. Rxg7 h4 60. Rh7 h3 61. b6 Ke5 62. Bc8 Rb2+ 63. Kg3 Rxb6 64. Re7+ Kd6 65. Rd7+ Ke5 66. Re7+ Kd6 67. Rd7+ Ke5 1/2-1/2


[Site "http://www.Chess.com"]

[Event "FIDE World Rapid Chess Championship 2021"]
[White "Lima, Darcy"]
[Black "Harikrishna, Pentala"]
[WhiteFideId "2100045"]
[BlackFideId "5007003"]
[WhiteElo "2505"]
[BlackElo "2705"]
[Result "1-0"]
[Round "01"]
[TimeControl "900+10"]
[Date "2021.12.26"]
[WhiteClock "0:00:53"]
[BlackClock "0:00:46"]

1. e4 e6 2. d4 d5 3. exd5 exd5 4. Nf3 Nf6 5. h3 Bd6 6. c4 O-O 7. c5 Re8+ 8. Be2 Bf8 9. O-O b6 10. cxb6 axb6 11. Nc3 h6 12. Bf4 c6 13. Ne5 Bb7 14. Re1 b5 15. a3 Nbd7 16. Bd3 Nb6 17. Rb1 Nc4 18. Bc2 Nd6 19. Qd3 Nde4 20. Nxe4 dxe4 21. Rxe4 c5 22. Ree1 Qxd4 23. Qxd4 cxd4 24. Rbd1 Rad8 25. Bb3 Bd5 26. Bxd5 Nxd5 27. Bg3 Nb6 28. Nd3 Nc4 29. Kf1 g5 30. Bc7 Rxe1+ 31. Rxe1 Rd7 32. Bb8 Be7 33. Ke2 f6 34. g4 Kf7 35. Kd1 Rd8 36. Bg3 Rd5 37. Kc2 Bd8 38. Re2 Bb6 39. Kb3 f5 40. Be5 f4 41. Kc2 Ba5 42. b4 Bb6 43. Kb3 Ne3 44. a4 bxa4+ 45. Kxa4 Nd1 46. Kb3 Nc3 47. Re1 f3 48. Ra1 Ne4 49. Ra6 Bd8 50. Rxh6 Nxf2 51. Nxf2 Rxe5 52. Nd3 Re2 53. Ra6 Rh2 54. Kc4 Rc2+ 55. Kd5 Rd2 56. Ke4 Re2+ 57. Kd5 Rd2 58. Ne5+ Ke8 59. Nxf3 Rb2 60. Nxd4 Bc7 61. Ne6 Bg3 62. Nxg5 Rxb4 63. Ne4 Bh4 64. Ra7 Kf8 65. Rh7 Be7 66. h4 Rb5+ 67. Ke6 Rb6+ 68. Kf5 Rb5+ 69. Kf4 Rb7 70. Kf5 Rb5+ 71. Kg6 Rb6+ 72. Kh5 Rb5+ 73. g5 Re5 74. Ng3 Kg8 75. Rh6 Kf7 76. Ra6 Rd5 77. Kh6 Kg8 78. Kg6 Bd8 79. Nf5 Kf8 80. Ra7 Bb6 81. Rf7+ Ke8 82. h5 Rd1 83. h6 Ba5 84. h7 Rh1 85. Ng7+ 1-0


[Site "http://www.Chess.com"]

[Event "FIDE World Rapid Chess Championship 2021"]
[White "Shirov, Alexei"]
[Black "Nihal, Sarin"]
[WhiteFideId "2209390"]
[BlackFideId "25092340"]
[WhiteElo "2702"]
[BlackElo "2500"]
[Result "1/2-1/2"]
[Round "01"]
[TimeControl "900+10"]
[Date "2021.12.26"]
[WhiteClock "0:02:53"]
[BlackClock "0:03:07"]

1. e4 e5 2. Nf3 Nc6 3. Bb5 a6 4. Ba4 Nf6 5. O-O Be7 6. d3 b5 7. Bb3 d6 8. a4 Bd7 9. Be3 O-O 10. axb5 axb5 11. Nc3 Na5 12. Nd5 Nxd5 13. Bxd5 c6 14. Ba2 c5 15. Bd5 Nc6 16. c3 Rxa1 17. Qxa1 Qa8 18. Ng5 Bxg5 19. Bxg5 Qc8 20. Qa2 h6 21. Be3 Be6 22. f4 exf4 23. Bxf4 Qd7 24. Ra1 Rd8 25. Bxc6 Qxc6 26. Qa6 Qxa6 27. Rxa6 d5 28. Rd6 Rxd6 29. Bxd6 1/2-1/2


[Site "http://www.Chess.com"]

[Event "FIDE World Rapid Chess Championship 2021"]
[White "Socko, Bartosz"]
[Black "Tologontegin, Semetey"]
[WhiteFideId "1107038"]
[BlackFideId "13800574"]
[WhiteElo "2562"]
[BlackElo "2300"]
[Result "1-0"]
[Round "01"]
[TimeControl "900+10"]
[Date "2021.12.26"]
[WhiteClock "0:00:00"]
[BlackClock "0:00:00"]

1. d4 g6 2. c4 Bg7 3. Nc3 d6 4. e4 e5 5. Be3 Nc6 6. Nge2 Bd7 7. f3 Nf6 8. d5 Ne7 9. Qd2 O-O 10. g4 Ne8 11. O-O-O f5 12. g5 f4 13. Bf2 h5 14. gxh6 Bxh6 15. h4 Nf6 16. Bh3 Bxh3 17. Rxh3 Kh7 18. Rh2 Rg8 19. Kb1 Qd7 20. c5 Nc8 21. Nc1 Nh5 22. Nd3 Rg7 23. Rc1 Ne7 24. Qc2 Ng8 25. Qb3 c6 26. cxd6 Qxd6 27. Nc5 b6 28. Ne6 Re7 29. Rg2 cxd5 30. exd5 Ngf6 31. Ng5+ Bxg5 32. hxg5 Ne8 33. Ne4 Qd7 34. Rh1 Kg7 35. Be1 Qf5 36. Ka1 Rd7 37. Bc3 Rad8 38. Rd1 Kh7 39. Rh2 Kg7 40. a3 Nd6 41. Nxd6 Rxd6 42. Re2 Re8 43. Rde1 Kh7 44. Rxe5 Rxe5 45. Rxe5 Qf7 46. Qc4 Ng7 47. Qe4 Rd7 48. Kb1 Rc7 49. Qd4 b5 50. d6 Nf5 51. dxc7 Nxd4 52. c8=Q 1-0


[Site "http://www.Chess.com"]

[Event "FIDE World Rapid Chess Championship 2021"]
[White "Gajewski, Grzegorz"]
[Black "Sargissian, Gabriel"]
[WhiteFideId "1116207"]
[BlackFideId "13300881"]
[WhiteElo "2496"]
[BlackElo "2693"]
[Result "1/2-1/2"]
[Round "01"]
[TimeControl "900+10"]
[Date "2021.12.26"]
[WhiteClock "0:01:35"]
[BlackClock "0:00:56"]

1. e4 e5 2. Nf3 Nc6 3. Bb5 a6 4. Ba4 Nf6 5. O-O Be7 6. Re1 b5 7. Bb3 O-O 8. a4 Bb7 9. d3 d6 10. h3 Na5 11. Ba2 c5 12. Nbd2 Nc6 13. Nf1 d5 14. exd5 Nxd5 15. c3 b4 16. Ne3 Nf4 17. d4 bxc3 18. bxc3 cxd4 19. Nf5 Bf6 20. cxd4 Nb4 21. Bb1 Ng6 22. Qb3 Bxf3 23. Qxb4 Rb8 24. Qd2 Ba8 25. Ba3 Re8 26. Ba2 Bg5 27. Qc2 Bd5 28. Nd6 Bxa2 29. Qxa2 Re6 30. dxe5 Bf4 31. Rad1 Qc7 32. Nc4 Rc8 33. g3 Bxe5 34. Rc1 Rc6 35. Ne3 Rxc1 36. Rxc1 Qd8 37. Rxc8 Qxc8 38. Qd5 h6 39. Kg2 Bf6 40. Nf5 Qe6 41. Qxe6 fxe6 42. Nd6 Ne5 43. Ne4 Nc4 44. Nxf6+ gxf6 45. Bc1 h5 46. Kf3 Nb6 47. Bb2 Kf7 48. a5 Nc4 49. Bc3 e5 50. h4 f5 51. Ke2 Ke6 52. f3 e4 53. Kf2 Ne5 54. Bxe5 Kxe5 55. Ke3 exf3 56. Kxf3 Ke6 57. Kf4 Kf6 58. Kf3 Ke6 59. Kf4 Kf6 1/2-1/2


[Site "http://www.Chess.com"]

[Event "FIDE World Rapid Chess Championship 2021"]
[White "Kanarek, Marcel"]
[Black "Corrales Jimenez, Fidel"]
[WhiteFideId "1126822"]
[BlackFideId "3506690"]
[WhiteElo "2296"]
[BlackElo "2561"]
[Result "0-1"]
[Round "01"]
[TimeControl "900+10"]
[Date "2021.12.26"]
[WhiteClock "0:00:15"]
[BlackClock "0:01:42"]

1. e4 c5 2. Nf3 d6 3. d4 cxd4 4. Nxd4 Nf6 5. Nc3 a6 6. a4 e5 7. Nf3 Be7 8. Bg5 O-O 9. Bxf6 Bxf6 10. Bc4 Nc6 11. Nd5 Be6 12. O-O Bg5 13. c3 Kh8 14. Re1 Bh6 15. h3 Rc8 16. Ba2 g6 17. b4 a5 18. Qd3 f5 19. b5 Nb8 20. Nb6 fxe4 21. Rxe4 Qxb6 22. Bxe6 Rce8 23. Bg4 Rd8 24. c4 Nd7 25. Bxd7 Rxd7 26. Rd1 Rdd8 27. Qd5 Qc7 28. Rd3 Kg7 29. Ne1 Bg5 30. Nf3 Be7 31. h4 Rf5 32. g3 Rdf8 33. Kg2 b6 34. Re2 Rc8 35. Nd2 Rd8 36. Ne4 Qc8 37. Nc3 Rdf8 38. Qc6 Qe6 39. Nd5 Qf7 40. Qxb6 Bd8 41. Qe3 e4 42. Rdd2 g5 43. Qd4+ Re5 44. hxg5 Bxg5 45. Rc2 Kg8 46. Kg1 Qf3 47. Ne3 Bf6 48. Qxd6 Rd8 49. Qb6 Rh5 50. Qe6+ Kh8 0-1


[Site "http://www.Chess.com"]

[Event "FIDE World Rapid Chess Championship 2021"]
[White "Fedoseev, Vladimir"]
[Black "Nguyen, Thai Dai Van"]
[WhiteFideId "24130737"]
[BlackFideId "358878"]
[WhiteElo "2692"]
[BlackElo "2488"]
[Result "1/2-1/2"]
[Round "01"]
[TimeControl "900+10"]
[Date "2021.12.26"]
[WhiteClock "0:12:50"]
[BlackClock "0:10:52"]

1. Nf3 d5 2. g3 Nf6 3. Bg2 e6 4. c4 Be7 5. O-O O-O 6. d3 c5 7. cxd5 exd5 8. d4 Nc6 9. dxc5 Bxc5 10. Nbd2 Re8 11. Nb3 1/2-1/2


[Site "http://www.Chess.com"]

[Event "FIDE World Rapid Chess Championship 2021"]
[White "Theodorou, Nikolas"]
[Black "Blanco Acevedo, Cristobal Jose"]
[WhiteFideId "4262875"]
[BlackFideId "3900525"]
[WhiteElo "2559"]
[BlackElo "2289"]
[Result "1-0"]
[Round "01"]
[TimeControl "900+10"]
[Date "2021.12.26"]
[WhiteClock "0:00:42"]
[BlackClock "0:00:11"]

1. d4 d5 2. c4 e6 3. Nf3 Nf6 4. Nc3 dxc4 5. e3 a6 6. a4 c5 7. Bxc4 Nc6 8. O-O Be7 9. Qe2 cxd4 10. Rd1 O-O 11. exd4 Nb4 12. Bg5 h6 13. Bh4 Nbd5 14. Ne5 Nxc3 15. bxc3 Nd5 16. Bxe7 Qxe7 17. Ng6 Qf6 18. Bxd5 Qxg6 19. Be4 Qg5 20. c4 Rb8 21. Qe3 f5 22. f4 Qf6 23. Bf3 g5 24. Qe5 Bd7 25. Qxf6 Rxf6 26. Rdb1 b5 27. cxb5 axb5 28. g3 gxf4 29. gxf4 Rg6+ 30. Kf2 Rg7 31. Rb4 Be8 32. Rab1 Rc8 33. axb5 Rc2+ 34. Ke3 Rxh2 35. b6 Rh3 36. b7 Rgg3 37. Rf1 1-0


[Site "http://www.Chess.com"]

[Event "FIDE World Rapid Chess Championship 2021"]
[White "Harsha, Bharathakoti"]
[Black "Mamedov, Rauf"]
[WhiteFideId "5078776"]
[BlackFideId "13401653"]
[WhiteElo "2484"]
[BlackElo "2690"]
[Result "1-0"]
[Round "01"]
[TimeControl "900+10"]
[Date "2021.12.26"]
[WhiteClock "0:01:02"]
[BlackClock "0:01:07"]

1. d4 Nf6 2. Nf3 g6 3. g3 Bg7 4. Bg2 O-O 5. O-O d6 6. b3 b5 7. Nbd2 Bb7 8. c4 bxc4 9. bxc4 Nbd7 10. Rb1 Rb8 11. Qc2 c5 12. d5 Qa5 13. Rb5 Qc7 14. Bb2 Nb6 15. e4 e5 16. dxe6 fxe6 17. e5 Ne8 18. exd6 Nxd6 19. Bxg7 Kxg7 20. Rb3 Kg8 21. Re1 Rbe8 22. Rbe3 Qf7 23. R3e2 Qf5 24. Qc3 Bxf3 25. Nxf3 Ndxc4 26. h4 h6 27. Re4 Nd6 28. Re5 Qf6 29. Qxc5 Nf5 30. Qc6 Ng7 31. R5e2 Rc8 32. Qb5 Nd5 33. Qa5 Nc3 34. Rd2 Rfd8 35. Rxd8+ Qxd8 36. Qxa7 Qc7 37. Qe3 Kh7 38. Nd4 Qa5 39. Kh2 Qxa2 40. Rc1 e5 41. Nb5 Nf5 42. Nxc3 Qb2 43. Qe1 Nd4 44. Ne2 Rxc1 45. Nxc1 Qc2 46. Be4 Qc4 47. Kg2 Ne6 48. Nd3 Qd4 49. h5 Ng5 50. Bxg6+ Kg8 51. Qxe5 1-0


[Site "http://www.Chess.com"]

[Event "FIDE World Rapid Chess Championship 2021"]
[White "Lubczynski, Rafal"]
[Black "Ghaem Maghami, Ehsan"]
[WhiteFideId "1126091"]
[BlackFideId "12500739"]
[WhiteElo "2289"]
[BlackElo "2553"]
[Result "0-1"]
[Round "01"]
[TimeControl "900+10"]
[Date "2021.12.26"]
[WhiteClock "0:00:53"]
[BlackClock "0:02:22"]

1. d4 Nf6 2. c4 e6 3. g3 d5 4. Nf3 Bb4+ 5. Bd2 Be7 6. Bg2 c6 7. Qc2 Nbd7 8. O-O b6 9. Rd1 Ba6 10. b3 O-O 11. Bf4 Rc8 12. Nc3 dxc4 13. bxc4 Bxc4 14. Ne5 Nxe5 15. dxe5 Nd5 16. Ne4 b5 17. Nd6 Bxd6 18. exd6 Qf6 19. d7 Rcd8 20. Bd6 Rxd7 21. Bxf8 Kxf8 22. Qxh7 Bxe2 23. Re1 Bc4 24. Qh8+ Ke7 25. Qa8 Qd4 26. Qxc6 Nb4 27. Qe4 Qxe4 28. Bxe4 Nxa2 29. Bc6 Rd2 30. Red1 Rxd1+ 31. Rxd1 Nb4 32. Rd7+ Kf6 33. Rc7 Nxc6 34. Rxc6 a5 35. f4 Kf5 36. Kf2 Ke4 37. Rc7 a4 38. Rxf7 a3 39. Ra7 a2 40. Ke1 Kd3 41. Kd1 Kc3 42. Kc1 b4 43. g4 b3 44. Ra3 a1=Q+ 0-1


[Site "http://www.Chess.com"]

[Event "FIDE World Rapid Chess Championship 2021"]
[White "Korobov, Anton"]
[Black "Narayanan.S.L, "]
[WhiteFideId "14105730"]
[BlackFideId "5058422"]
[WhiteElo "2689"]
[BlackElo "2482"]
[Result "1/2-1/2"]
[Round "01"]
[TimeControl "900+10"]
[Date "2021.12.26"]
[WhiteClock "0:01:31"]
[BlackClock "0:01:39"]

1. d4 Nf6 2. c4 e6 3. Nc3 Bb4 4. e3 O-O 5. Ne2 d5 6. a3 Be7 7. cxd5 exd5 8. Nf4 a5 9. Bd3 c6 10. O-O Na6 11. f3 Nc7 12. Bd2 c5 13. dxc5 Bxc5 14. Nce2 Bd7 15. Rc1 Ba7 16. Kh1 Ne6 17. g4 h6 18. Rg1 Re8 19. Nxe6 Rxe6 20. Nd4 Re5 21. Qb3 Qb6 22. Qxb6 Bxb6 23. h4 Ne8 24. Rce1 Nd6 25. Bc3 Rae8 26. Nf5 Nxf5 27. Bxf5 R5e7 28. Bxd7 Rxd7 29. Bd4 Bxd4 30. exd4 Rde7 31. Rxe7 Rxe7 32. Rc1 Re2 33. Rc8+ Kh7 34. Rc5 Rxb2 35. Rxa5 b5 36. Kg1 h5 37. gxh5 Kh6 38. Ra7 Rd2 39. Rxf7 Rxd4 40. Rb7 Rd3 41. Rxb5 Rxa3 42. Kg2 Kxh5 1/2-1/2


[Site "http://www.Chess.com"]

[Event "FIDE World Rapid Chess Championship 2021"]
[White "Kozak, Adam"]
[Black "Muradli, Mahammad"]
[WhiteFideId "753246"]
[BlackFideId "13409301"]
[WhiteElo "2552"]
[BlackElo "2285"]
[Result "0-1"]
[Round "01"]
[TimeControl "900+10"]
[Date "2021.12.26"]
[WhiteClock "0:00:05"]
[BlackClock "0:00:49"]

1. e4 c5 2. Nf3 d6 3. Bb5+ Bd7 4. Bxd7+ Nxd7 5. O-O Ngf6 6. Re1 e6 7. c3 Be7 8. d4 O-O 9. e5 Ne8 10. exd6 Nxd6 11. Nbd2 Rc8 12. Nb3 cxd4 13. Nbxd4 Re8 14. Qe2 e5 15. Nb5 e4 16. Nfd4 Nxb5 17. Qxb5 Nc5 18. Rd1 a6 19. Qe2 Nd3 20. Be3 Bg5 21. Rd2 h6 22. Rad1 Qd5 23. Qg4 Bxe3 24. fxe3 Qg5 25. Qxg5 hxg5 26. Nf5 Rc6 27. Ng3 b5 28. a3 g6 29. Nxe4 Nxb2 30. Rd8 Nxd1 31. Rxe8+ Kg7 32. Nxg5 Rxc3 33. e4 Ne3 34. h3 Rxa3 35. e5 Ra2 36. g4 Rg2+ 37. Kh1 Rf2 38. Re7 Kf8 39. Rb7 Nc4 40. Kg1 Re2 41. Nh7+ Kg7 42. Nf6 Rxe5 43. Nd7 Re7 44. Kf2 Ne5 45. Nc5 Rxb7 46. Nxb7 Kf6 47. Ke3 Kg5 48. Kd4 Nf3+ 49. Kc5 Kh4 50. Nd6 Ng5 51. Kd4 0-1


[Site "http://www.Chess.com"]